 Dungeon Crawl Stone Soup version 0.27-a0-1290-g15d3ce7508 (webtiles) character file.

Game seed: 8431048755204206358

70471 EldarEldrad the Devastator (level 14, -2/72 HPs)
             Began as a Deep Elf Fire Elementalist on June 15, 2021.
             Was a High Priest of Vehumet.
             Slain by Rupert (23 damage)
             ... on level 5 of the Lair of Beasts.
             The game lasted 02:13:18 (27914 turns).

EldarEldrad the Devastator (DEFE)                  Turns: 27914, Time: 02:13:18

Health: -2/72      AC: 10    Str:  5    XL:     14   Next: 94%
Magic:  2/35       EV: 23    Int: 26    God:    Vehumet [*****.]
Gold:   901        SH:  5    Dex: 15    Spells: 14/43 levels left

rFire    . . .     SeeInvis .   J - +10 broad axe "Igol" {venom, rN+}
rCold    . . .     Faith    .   (no shield)
rNeg     + . .     Spirit   .   F - +2 robe {Will+}
rPois    .         Reflect  +   B - +1 helmet
rElec    .         Harm     .   r - +0 cloak
rCorr    .         Rampage  .   A - +1 pair of gloves
Will     +++..                  m - +0 pair of boots
Stlth    +++.......             V - amulet of reflection
HPRegen  0.22/turn              G - +4 ring of evasion
MPRegen  0.24/turn              Y - ring of willpower

@: no status effects
A: no striking features
a: Renounce Religion


You were on level 5 of the Lair of Beasts.
You worshipped Vehumet.
Vehumet was extremely pleased with you.
You visited 4 branches of the dungeon, and saw 22 of its levels.

You collected 2208 gold pieces.
You spent 1307 gold pieces at shops.

Inventory:

Hand Weapons
 H - a +2 dagger of speed
 J - the +10 broad axe "Igol" (weapon) {venom, rN+}
   (You found it on level 3 of the Lair of Beasts)

   It poisons the flesh of those it strikes.
   It protects you from negative energy.
Missiles
 e - 88 poisoned darts
 u - 13 throwing nets
 D - 2 curare-tipped darts
Armour
 m - a +0 pair of boots (worn)
 r - a +0 cloak (worn)
 A - a +1 pair of gloves (worn)
 B - a +1 helmet (worn)
 E - a +2 robe of cold resistance
 F - a +2 robe of willpower (worn)
 R - the +1 pair of gloves "Xeiggil" {rF+ rC- Dex+3}
   (You bought it in a shop on level 2 of the Orcish Mines)

   It affects your dexterity (+3).
   It protects you from fire.
   It makes you vulnerable to cold.
Jewellery
 G - a +4 ring of evasion (left hand)
 P - a ring of protection from fire
 V - an amulet of reflection (around neck)
 W - a ring of protection from cold
 Y - a ring of willpower (right hand)
Wands
 j - a wand of flame (44)
 p - a wand of polymorph (8)
 q - a wand of charming (10)
 t - a wand of iceblast (9)
 C - a wand of acid (5)
 I - a wand of paralysis (31)
Scrolls
 a - 3 scrolls of enchant armour
 b - 4 scrolls of silence
 c - a scroll of fear
 d - 3 scrolls of immolation
 f - 11 scrolls of teleportation
 o - 6 scrolls of blinking
 w - 2 scrolls of fog
 y - 4 scrolls of amnesia
 L - 2 scrolls of magic mapping
 S - a scroll of vulnerability
 T - a scroll of identify
 U - a scroll of enchant weapon {unknown}
Potions
 g - 6 potions of curing
 h - 10 potions of lignification
 i - a potion of resistance {unknown}
 k - 2 potions of cancellation
 l - 2 potions of heal wounds
 s - a potion of attraction
 v - 3 potions of might
 x - a potion of haste
 z - 2 potions of flight
 K - 2 potions of invisibility
 M - 2 potions of berserk rage
 N - 3 potions of brilliance


   Skills:
 + Level 2.4 Fighting
 * Level 13.9 Dodging
 + Level 4.7 Stealth
 - Level 15.0 Spellcasting
 + Level 15.9 Conjurations
 + Level 3.3 Translocations
 + Level 14.3 Fire Magic
 + Level 3.3 Earth Magic


You had 14 spell levels left.
You knew the following spells:

 Your Spells              Type           Power      Damage    Failure   Level
a - Foxfire               Conj/Fire      100%       2x1d9     0%          1
b - Conjure Flame         Conj/Fire      78%        6-21      0%          3
c - Sticky Flame          Conj/Fire      78%        2d9       1%          4
d - Fireball              Conj/Fire      39%        3d16      1%          5
e - Blink                 Tloc           N/A        N/A       1%          2
f - Teleport Other        Tloc           36%        N/A       1%          3
g - Bolt of Magma         Conj/Fire/Erth 33%        4d15      1%          5
h - Iron Shot             Conj/Erth      31%        9d6       2%          6

Your spell library contained the following spells:

 Spells                   Type           Power      Damage    Failure   Level
 Ozocubu's Refrigeration  Ice            9%         4d6       99%         7
 Gell's Gravitas          Tloc           18%        N/A       1%          3
 Inner Flame              Hex/Fire       54%        N/A       1%          3
 Lesser Beckoning         Tloc           18%        N/A       1%          3
 Iskenderun's Battlesphe  Conj           80%        2d13      1%          5
 Orb of Destruction       Conj           40%        9d14      1%          7
 Beastly Appendage        Tmut           38%        N/A       2%          1
 Summon Small Mammal      Summ           76%        N/A       2%          1
 Call Imp                 Summ           19%        N/A       4%          2
 Wereblood                Tmut           19%        N/A       4%          2
 Call Canine Familiar     Summ           19%        N/A       9%          3
 Confusing Touch          Hex            19%        N/A       9%          3
 Spider Form              Tmut/Pois      9%         N/A       9%          3
 Summon Guardian Golem    Hex/Summ       19%        N/A       9%          3
 Petrify                  Tmut/Erth      28%        N/A       14%         4
 Manifold Assault         Tloc           36%        N/A       19%         5
 Yara's Violent Unravell  Hex/Tmut       9%         3d6       19%         5
 Spellforged Servitor     Conj/Summ      28%        N/A       22%         7
 Ice Form                 Ice/Tmut       19%        N/A       26%         4
 Summon Ice Beast         Ice/Summ       19%        N/A       26%         4
 Summon Lightning Spire   Summ/Air       19%        N/A       26%         4
 Metabolic Englaciation   Hex/Ice        9%         N/A       58%         5


Dungeon Overview and Level Annotations

Branches:
Dungeon (13/15)            Temple (1/1) D:7            Lair (6/6) D:8
  Swamp (0/4) Lair:4       Spider (0/4) Lair:4          Orc (2/2) D:10
    Elf (0/3) Orc:2        Vaults (0/5) D:13
  Slime: Lair:5-6

Altars:
Ashenzari
Cheibriados
Dithmenos
Elyvilon
Fedhas
Gozag
Hepliaklqana
Kikubaaqudgha
Makhleb
Nemelex Xobeh
Okawaru
Qazlal
Ru
Sif Muna
Trog
Uskayaw
Vehumet
Wu Jian
Xom
Yredelemnul
Zin
The Shining One
Beogh
Lugonu

Shops:
D:6 *   Orc:2 [(=?

Portals:
Abyss: Lair:1

Annotations:
Lair:5 Rupert


Message History

Aiming: Iron Shot (dangerous; 2% risk of failure)
Press: ? - help, Shift-Dir - straight line, f/p - Rupert
Aim: Rupert, wielding a +1 battleaxe of venom and wearing a +2 scale mail of fire resistance (heavily wounded, 77% to hit)
The iron shot misses Rupert.
Rupert roars madly and goes into a rage!
Rupert goes berserk!
Rupert hits you with a +1 battleaxe of venom!!
You are poisoned.
There is a stone staircase leading up, spattered with blood here.
Casting: Iron Shot (dangerous; 2% risk of failure)
Confirm with . or Enter, or press ? or * to list all spells.
You blink.
You feel very sick.
You feel very sick.
Okay, then.
Casting: Blink (safe; 1% risk of failure)
Confirm with . or Enter, or press ? or * to list all spells.
You blink.
You feel very sick. Rupert hits you but does no damage.
You are more poisoned.
You feel very sick.
Rupert hits you with a +1 battleaxe of venom!!
* * * LOW HITPOINT WARNING * * *
There is a stone staircase leading up, spattered with blood here.
Okay, then.
You feel much better.
You feel very sick.
Rupert hits you with a +1 battleaxe of venom!!
* * * LOW HITPOINT WARNING * * *
You are lethally poisoned!
Okay, then.
Casting: Blink (safe; 1% risk of failure)
Confirm with . or Enter, or press ? or * to list all spells.
You blink.
* * * LOW HITPOINT WARNING * * *
You feel very sick.
You feel better.
Rupert hits you with a +1 battleaxe of venom!!
You die...

.................................
..........................###..##
.####..##.......#.........###.#.#
...#######.....####.#...<..#..##.
...###..#......# ##.........P....
..##.P.........###...............
...............##.........##.....
..###...##.....##@....#...###...#
.####.##.#......@#..#.#.....##..#
.###..#.#.......##..##.....###...
................##..#............
.................................
.................................
.................................
..##........................##...
..###.##.....##.#.###.......##.P.
..###.P###.....#### ###....###..#


You could see Rupert (berserk).

Vanquished Creatures
  Fannar (D:11)
  3 hydras
  3 vault guards (D:13)
  A death yak (Lair:5)
  5 two-headed ogres
  Urug (Lair:1)
  4 orc high priests
  7 skeletal warriors
  3 necromancers (D:13)
  2 wizards (D:13)
  A lindwurm (Lair:4)
  Pikel (D:7)
  3 ugly things
  2 orc sorcerers
  2 manticores
  Maurice (D:8)
  6 elephants (Lair:4)
  3 black mambas
  14 cane toads
  11 centaur skeletons (D:13)
  An efreet (D:11)
  4 kobold demonologists
  A rime drake (Lair:1)
  4 komodo dragons
  5 trolls
  A polar bear (Lair:3)
  10 slime creatures
  27 blink frogs
  4 flying skulls (D:13)
  2 shadows (D:13)
  5 wraiths
  A yak (shapeshifter) (D:13)
  A wyvern (Lair:2)
  A vampire (D:12)
  56 yaks
  2 steam dragons
  2 basilisks
  17 humans (D:13)
  10 vampire mosquitoes
  Menkaure (D:6)
  2 wargs (Orc:2)
  9 water moccasins
  An acid dragon (D:9)
  26 orc warriors
  A sky beast (D:6)
  5 ogres
  3 wolves (Lair:1)
  2 centaurs
  4 lemures (D:7)
  6 kobold brigands
  11 bullfrogs
  5 gnoll sergeants
  7 scorpions
  A water moccasin zombie (D:5)
  2 water moccasin skeletons
  14 wights
  14 killer bees (D:9)
  4 jellies
  A howler monkey (D:13)
  A bullfrog zombie (D:6)
  12 centaur zombies
  3 gnoll shamans (D:5)
  13 hounds
  31 orc priests
  Crazy Yiuf (D:7)
  2 bullfrog skeletons
  Jessica (D:2)
  Natasha (thrice) (D:2)
  Terence (D:2)
  4 iguanas
  28 orc wizards
  A killer bee zombie (D:6)
  2 hound skeletons (D:5)
  35 gnolls
  7 adders
  A shadow imp (D:6)
  2 adder skeletons
  3 worms
  3 dart slugs
  102 orcs
  9 ball pythons
  7 endoplasms
  3 giant cockroaches
  2 goblins
  10 hobgoblins
  24 jackals
  A quokka (D:1)
  9 bats
  3 frilled lizards (D:1)
  23 kobolds
  6 rats
  2 lurking horrors (Lair:1)
702 creatures vanquished.

Vanquished Creatures (collateral kills)
  12 foxfires
12 creatures vanquished.

Vanquished Creatures (others)
  2 bushes (Lair:5)
  1542 foxfires
  45 fungi
  62 plants
1651 creatures vanquished.

Grand Total: 2365 creatures vanquished

Notes
Turn   | Place    | Note
-------+----------+-------------------------------------------
     0 | D:1      | EldarEldrad the Deep Elf Fire Elementalist began the quest
                  | for the Orb.
     0 | D:1      | Reached XP level 1. HP: 10/10 MP: 6/6
    84 | D:1      | Found a faded altar of an unknown god.
    98 | D:1      | Reached XP level 2. HP: 15/15 MP: 6/8
   548 | D:1      | Reached XP level 3. HP: 19/19 MP: 5/10
   728 | D:2      | Noticed Natasha
   737 | D:2      | Killed Natasha
   799 | D:2      | Noticed Natasha
   803 | D:2      | Killed Natasha
   804 | D:2      | Reached XP level 4. HP: 24/24 MP: 6/12
  1112 | D:2      | Learned a level 3 spell: Conjure Flame
  1117 | D:2      | Learned a level 4 spell: Sticky Flame
  1238 | D:2      | Noticed Terence
  1245 | D:2      | Killed Terence
  1430 | D:2      | Reached XP level 5. HP: 28/28 MP: 8/13
  1636 | D:2      | Noticed Natasha
  1640 | D:2      | Killed Natasha
  1692 | D:2      | Noticed Jessica
  1696 | D:2      | Killed Jessica
  1894 | D:3      | Learned a level 5 spell: Fireball
  2334 | D:3      | Reached XP level 6. HP: 32/32 MP: 8/15
  2467 | D:3      | Reached skill level 5 in Spellcasting
  2562 | D:3      | Found an opulent altar of Gozag.
  2637 | D:3      | Found an iron altar of Okawaru.
  2823 | D:4      | Reached skill level 5 in Conjurations
  3200 | D:4      | Noticed a water moccasin
  3205 | D:4      | Killed a water moccasin
  3206 | D:4      | Reached skill level 5 in Fire Magic
  3319 | D:4      | Reached XP level 7. HP: 36/36 MP: 12/17
  3758 | D:5      | Entered Level 5 of the Dungeon
  4340 | D:5      | Reached XP level 8. HP: 41/41 MP: 9/20
  5853 | D:6      | Found Jeetul's General Store.
  5858 | D:6      | Bought a potion of flight for 42 gold pieces
  5858 | D:6      | Bought a scroll of identify for 28 gold pieces
  5858 | D:6      | Bought a +1 helmet for 161 gold pieces
  5858 | D:6      | Bought a scroll of identify for 28 gold pieces
  6029 | D:6      | Found a stormy altar of Qazlal.
  6195 | D:6      | Reached XP level 9. HP: 45/45 MP: 18/23
  6317 | D:6      | Noticed Menkaure
  6321 | D:6      | Killed Menkaure
  7313 | D:7      | Noticed Pikel
  7321 | D:7      | Killed Pikel
  7322 | D:7      | Reached skill level 10 in Conjurations
  7929 | D:7      | Found a staircase to the Ecumenical Temple.
  7966 | Temple   | Entered the Ecumenical Temple
  8051 | Temple   | Became a worshipper of Vehumet
  8588 | D:7      | Found a runed translucent door.
  8589 | D:7      | Noticed Crazy Yiuf
  8593 | D:7      | Killed Crazy Yiuf
  8762 | D:8      | Noticed Maurice
  8767 | D:8      | Killed Maurice
  8768 | D:8      | Reached XP level 10. HP: 46/50 MP: 5/25
  9254 | D:8      | Reached skill level 10 in Spellcasting
  9338 | D:8      | Reached * piety under Vehumet
  9338 | D:8      | Offered knowledge of Sandblast by Vehumet.
  9606 | D:8      | Found a bloodstained altar of Trog.
  9646 | D:8      | Found a staircase to the Lair.
 10055 | D:8      | Noticed a two-headed ogre
 10058 | D:8      | Killed a two-headed ogre
 10154 | D:8      | Noticed a two-headed ogre
 10157 | D:8      | Killed a two-headed ogre
 10515 | D:6      | Bought a scroll of silence for 105 gold pieces
 10582 | Lair:1   | Entered Level 1 of the Lair of Beasts
 10868 | Lair:1   | You fall into a shaft and drop 1 floor!
 10947 | Lair:2   | Reached XP level 11. HP: 54/54 MP: 21/28
 11029 | Lair:1   | Reached skill level 10 in Fire Magic
 11188 | Lair:1   | Reached ** piety under Vehumet
 11188 | Lair:1   | Offered knowledge of Poisonous Vapours by Vehumet.
 11568 | Lair:1   | You fall into a shaft and drop 1 floor!
 11774 | Lair:1   | Learned a level 2 spell: Blink
 11778 | Lair:1   | Learned a level 3 spell: Teleport Other
 11867 | Lair:1   | Noticed a five-headed hydra
 11878 | Lair:1   | Killed a five-headed hydra
 12020 | Lair:1   | Noticed Urug
 12025 | Lair:1   | Killed Urug
 12150 | Lair:1   | Found a corrupted altar of Lugonu.
 12161 | Lair:1   | Found a one-way gate to the infinite horrors of the Abyss.
 12838 | Lair:2   | Offered knowledge of Mephitic Cloud by Vehumet.
 13224 | Lair:2   | Reached XP level 12. HP: 59/59 MP: 23/30
 13290 | Lair:2   | Reached *** piety under Vehumet
 13921 | Lair:3   | Identified the +10 broad axe "Igol" {venom, rN+}
 14084 | Lair:3   | Noticed a five-headed hydra
 14086 | Lair:3   | Killed a five-headed hydra
 14087 | Lair:3   | Reached skill level 15 in Conjurations
 15149 | Lair:4   | Found a staircase to the Swamp.
 15303 | Lair:4   | Reached skill level 5 in Dodging
 15303 | Lair:4   | Offered knowledge of Ignite Poison by Vehumet.
 15737 | Lair:4   | Found a hole to the Spider Nest.
 16115 | Lair:5   | Reached **** piety under Vehumet
 16165 | Lair:5   | Offered knowledge of Frozen Ramparts by Vehumet.
 16309 | Lair:5   | Noticed Rupert
 16452 | Lair:5   | Reached XP level 13. HP: 63/63 MP: 29/33
 16650 | Lair:5   | HP: 2/63 [poisoned by Rupert]
 17078 | D:9      | Found a shimmering blue altar of Sif Muna.
 17170 | D:9      | You fall into a shaft and drop 2 floors!
 17381 | D:11     | Noticed Fannar
 17400 | D:11     | Killed Fannar
 17400 | D:11     | Reached ***** piety under Vehumet
 17400 | D:11     | Offered knowledge of Eringya's Noxious Bog by Vehumet.
 17685 | D:11     | Found a broken altar of Ashenzari.
 17769 | D:10     | Entered Level 10 of the Dungeon
 18048 | D:9      | Found an ancient bone altar of Kikubaaqudgha.
 18528 | D:10     | Found a staircase to the Orcish Mines.
 18926 | D:10     | Reached skill level 10 in Dodging
 19996 | Orc:1    | Entered Level 1 of the Orcish Mines
 20963 | Orc:2    | Entered Level 2 of the Orcish Mines
 20986 | Orc:2    | Offered knowledge of Spellforged Servitor by Vehumet.
 21133 | Orc:2    | Found a staircase to the Elven Halls.
 21168 | Orc:2    | Reached skill level 15 in Spellcasting
 22275 | Orc:2    | Found Vejuufur's Antique Weapon Shoppe.
 22275 | Orc:2    | Found Kaunled's Magic Scroll Emporium.
 22276 | Orc:2    | Found Femmying's Jewellery Emporium.
 22279 | Orc:2    | Found Qippastenk's Antique Armour Shoppe.
 22283 | Orc:2    | Bought a pair of warped gloves for 285 gold pieces
 22283 | Orc:2    | Identified the +1 pair of gloves "Xeiggil" {rF+ rC- Dex+3}
                  | (You bought it in a shop on level 2 of the Orcish Mines)
 22285 | Orc:2    | Bought a scroll of vulnerability for 112 gold pieces
 22285 | Orc:2    | Bought a scroll of teleportation for 45 gold pieces
 22285 | Orc:2    | Bought a scroll of teleportation for 45 gold pieces
 22285 | Orc:2    | Bought a scroll of blinking for 112 gold pieces
 22285 | Orc:2    | Bought 2 scrolls of identify for 60 gold pieces
 22285 | Orc:2    | Bought a scroll of blinking for 112 gold pieces
 22285 | Orc:2    | Bought a scroll of blinking for 112 gold pieces
 22287 | Orc:2    | Bought a scroll of identify for 30 gold pieces
 22287 | Orc:2    | Bought a scroll of identify for 30 gold pieces
 22862 | Lair:6   | Entered Level 6 of the Lair of Beasts
 23380 | Lair:5   | Reached XP level 14. HP: 68/68 MP: 15/35
 24320 | D:12     | Learned a level 5 spell: Bolt of Magma
 24327 | D:12     | Learned a level 6 spell: Iron Shot
 24567 | D:11     | Offered knowledge of Ozocubu's Refrigeration by Vehumet.
 25445 | D:13     | Reached skill level 1 in Earth Magic
 25447 | D:13     | Reached skill level 1 in Translocations
 25574 | D:13     | Reached skill level 1 in Fighting
 27215 | D:13     | Found a gate to the Vaults.
 27914 | Lair:5   | Slain by Rupert

Illustrated notes

Levels and vault maps discovered:
D:1:      roderic_dead_forest, layout_basic, basic_ecumenical_altar
D:2:      layout_basic, uniq_jessica, uniq_natasha, uniq_terence
D:3:      cheibrodos_pilgrimage, layout_rooms,
          nicolae_gozag_cash_rules_everything_around_me, general_overflow_altar,
          minmay_misc_feat_ornament, minmay_misc_feat_rows,
          grunt_decor_junction, wad_rectangle_vault
D:4:      layout_gridville
D:5:      layout_cave_pools, serial_gnoll_camp, gnoll_camp_medium_02,
          gnoll_camp_mini_house, gnoll_camp_huts_moat, gnoll_camp_mini_house,
          gnoll_camp_mini_doghouse, st_stairs_4
D:6:      layout_basic, kennysheep_mini, serial_shops, nicolae_shop_crystal,
          wad_floor_pattern_2, uniq_menkaure
D:7:      layout_loops_ring, minmay_temple_entry_arrows,
          uniq_crazy_yiuf_cottage, uniq_pikel
D:8:      layout_basic, bloody_trog, lair_entry_dummy, special_room
          [special_room_orc], serial_corexii_hall, corexii_hall_statues_i,
          corexii_hall_statues_t, chequers_hall_statues_y,
          chequers_hall_statues_corner_a, uniq_maurice
D:9:      layout_rooms, jmf_multi_god_temple
D:10:     layout_gridville, david_orc_5, moated_statue,
          minmay_misc_feat_nine_boxes
D:11:     layout_big_octagon, st_stairs_3, ashenzari_conservatory_becter,
          uniq_fannar
D:12:     layout_cave_pools, eino_tiny_chamber, minmay_misc_feat_square,
          nicolae_straight_to_the_point
D:13:     hangedman_screamer, layout_loops_cross, grunt_vaults_entry_tiered
Temple:   nicolae_temple_elliptical
Lair:1:   layout_gridlike, amcnicky_altar_lugonu_corruption, uniq_urug
Lair:2:   layout_regular_city
Lair:3:   layout_gridlike
Lair:4:   layout_hall_layers, swamp_mist, nicolae_spider_entry_non_spiders,
          grunt_megastairs_4
Lair:5:   layout_regular_city, dpeg_slime_entry_corner, serial_bayou_shore_b,
          uniq_rupert
Lair:6:   minmay_lair_end_frog_pond, layout_regular_city, gauntlet_entry_generic
Orc:1:    layout_caves
Orc:2:    st_orc_mages, layout_caves, lemuel_statue_altar

Skill      XL: |  1  2  3  4  5  6  7  8  9 10 11 12 13 14 |
---------------+-------------------------------------------+-----
Conjurations   | 2 3 4 5 7 9 11 12 14 15 | 15.9
Spellcasting   | 4 5 6 8 9 11 12 14 15 | 15.0
Fire Magic     | 4 5 6 7 8 9 11 12 13 14 | 14.3
Dodging        | 8 12 13 | 13.9
Earth Magic    | 3 |  3.3
Translocations | 3 |  3.3
Stealth        | 4 |  4.7
Fighting       | 2 |  2.4

Action                   |  1- 3 |  4- 6 |  7- 9 | 10-12 | 13-15 || total
-------------------------+-------+-------+-------+-------+-------++-------
Melee: Dagger            |     1 |     7 |    25 |    41 |       ||    74
       Broad axe         |       |       |       |     8 |    74 ||    82
Throw: Dart              |     2 |       |       |       |       ||     2
 Cast: Foxfire           |    45 |   125 |   325 |   251 |   155 ||   901
       Fireball          |       |       |    11 |    90 |   292 ||   393
       Sticky Flame      |       |       |    10 |    57 |    61 ||   128
       Conjure Flame     |       |       |     1 |       |     1 ||     2
       Bolt of Magma     |       |       |       |       |    18 ||    18
       Blink             |       |       |       |       |     4 ||     4
       Iron Shot         |       |       |       |       |     3 ||     3
       Teleport Other    |       |       |       |       |     1 ||     1
Evoke: Wand              |       |       |       |     4 |     3 ||     7
  Use: Scroll            |       |     3 |     7 |     7 |     8 ||    25
       Potion            |       |       |       |       |     5 ||     5
Armor: Robe              |     1 |     1 |    30 |    21 |    93 ||   146
Dodge: Dodged            |     2 |     8 |    68 |    76 |   301 ||   455
Block: Other             |       |       |       |       |    32 ||    32

Table legend: (Time is in decaauts)
 A = Elapsed time spent in this place.
 B = Non-inter-level travel time spent in this place.
 C = Inter-level travel time spent in this place.
 D = Time resting spent in this place.
 E = Time spent auto-exploring this place.
 F = Levels seen in this place.
 G = Mean time per level.
                   A        B        C        D        E       F      G
               +--------+--------+--------+--------+--------+-----+--------+
         Total |  27986 |  26521 |   1465 |   9952 |  11225 |  22 | 1272.1 |
       Dungeon |  18023 |  17121 |    902 |   5886 |   7910 |  13 | 1386.4 |
        Temple |    199 |    173 |     26 |      0 |    157 |   1 |  199.0 |
          Lair |   7075 |   6599 |    476 |   2719 |   2552 |   6 | 1179.2 |
  Orcish Mines |   2688 |   2628 |     60 |   1347 |    606 |   2 | 1344.0 |
               +--------+--------+--------+--------+--------+-----+--------+

Top non-repeatable levels by time:
    D:13: 2622 daAuts
     D:8: 1934 daAuts
     D:5: 1917 daAuts
  Lair:1: 1597 daAuts
     D:6: 1569 daAuts
     D:7: 1511 daAuts
  Lair:5: 1499 daAuts
  Lair:4: 1495 daAuts
    D:10: 1474 daAuts
   Orc:2: 1442 daAuts
  Lair:2: 1418 daAuts
   Orc:1: 1246 daAuts
    D:12: 1215 daAuts
     D:2: 1172 daAuts
    D:11: 1092 daAuts
